AoeStats
← rizlinjinson

African Clearing

510468368Analyzed
3v3 RM · 1d ago on Oct 1, 2026· 68m 23s· 6 players
Game mode
Random Map
Map size
Normal (6 player)
Population
200
Speed
Normal
Resources
Standard
Victory
Conquest
Starting age
Dark Age
Ending age
Imperial Age
RankedLock teamsTeams togetherTeam positionsShared explorationLock speedFull tech treeHidden civsTurbo modeCheats
Victory
Defeat
🇺🇸 Persians · United States
1185
+16
🇺🇸 Italians · United States
1170
+16
🇺🇸 Gurjaras · United States
1149
+17
🇨🇦 Celts · Canada
1182
-17
🇺🇸 Varangians · United States
1172
-16
🇺🇸 Ethiopians · United States
1169
-16
freddie
8:36 Loom
14:40 Feudal Age
19:22 Castle Age
18:13 Forging
18:31 Double-Bit Axe
23:00 Bow Saw
25:31 Horse Collar
27:37 Heavy Plow
29:01 Bloodlines
28:52 Husbandry
30:44 Iron Casting
34:52 Wheelbarrow
34:03 Town Watch
36:46 Scale Barding Armor
37:20 Gold Mining
38:23 Chain Barding Armor
38:43 Town Patrol
39:07 Kshatriyas
43:35 Imperial Age
40:49 Light Cavalry
42:39 Hand Cart
43:45 Gold Shaft Mining
43:10 Stone Mining
43:54 Heavy Camel Rider
43:57 Elite Shrivamsha Rider
43:58 Hussar
48:04 Conscription
58:37 Plate Barding Armor
63:22 Frontier Guards
64:50 Crop Rotation
64:22 Scale Mail Armor
64:53 Fletching
64:34 Elite Elephant Archer
65:20 Thumb Ring
67:00 Ballistics
LaserLobbes
11:35 Loom
13:59 Feudal Age
14:13 Feudal Age
19:31 Castle Age
28:05 Double-Bit Axe
29:26 Horse Collar
36:59 Bow Saw
38:13 Wheelbarrow
39:39 Heavy Plow
39:44 Gold Mining
42:17 Bloodlines
42:08 Husbandry
43:42 Forging
43:38 Scale Barding Armor
45:17 Hand Cart
46:12 Iron Casting
45:58 Chain Barding Armor
50:26 Imperial Age
49:50 Murder Holes
50:46 Gold Shaft Mining
50:06 Fletching
51:28 Plate Barding Armor
51:54 Blast Furnace
51:25 Conscription
51:49 Cavalier
52:30 Bodkin Arrow
52:36 Padded Archer Armor
52:00 Light Cavalry
52:06 Elite Skirmisher
54:10 Crossbowman
55:56 Crop Rotation
56:08 Hussar
59:12 Leather Archer Armor
59:21 Savar
61:44 Ballistics
62:33 Chemistry
64:10 Ring Archer Armor
rizlinjinson
6:20 Loom
13:10 Feudal Age
17:37 Castle Age
15:26 Double-Bit Axe
16:28 Gold Mining
17:13 Fletching
18:38 Bow Saw
18:03 Crossbowman
21:42 Bodkin Arrow
23:53 Padded Archer Armor
25:12 Ballistics
24:39 Horse Collar
28:13 Heavy Plow
29:14 Man-at-Arms
30:02 Scale Mail Armor
31:03 Wheelbarrow
32:20 Leather Archer Armor
32:00 Man-at-Arms
36:17 Imperial Age
34:21 Chain Mail Armor
37:02 Bracer
40:29 Arbalester
41:45 Long Swordsman
44:16 Two-Man Saw
47:43 Crop Rotation
48:22 Chemistry
48:01 Stone Mining
48:31 Thumb Ring
48:43 Two-Handed Swordsman
51:53 Conscription
53:25 Ring Archer Armor
53:26 Plate Mail Armor
53:07 Forging
52:47 Arson
53:03 Squires
54:50 Champion
56:48 Iron Casting
63:15 Bombard Tower
64:26 Blast Furnace
67:19 Pirotechnia
bumap
7:15 Loom
15:01 Feudal Age
19:48 Castle Age
18:34 Double-Bit Axe
19:18 Stone Mining
21:12 Wheelbarrow
22:17 Horse Collar
26:28 Gold Mining
29:54 Fletching
31:16 Scale Mail Armor
36:32 Bow Saw
37:27 Chain Mail Armor
41:39 Imperial Age
40:49 Gold Shaft Mining
40:41 Heavy Plow
41:04 Forging
42:17 Capped Ram
44:39 Siege Ram
47:14 Plate Mail Armor
47:10 Pikeman
48:31 Furor Celtica
49:52 Heavy Scorpion
51:23 Halberdier
53:04 Iron Casting
53:39 Conscription
58:01 Onager
59:09 Elite Skirmisher
59:48 Bodkin Arrow
60:54 Blast Furnace
59:56 Padded Archer Armor
63:05 Leather Archer Armor
rugiero569
3:27 Loom
12:29 Feudal Age
12:40 Man-at-Arms
13:25 Arson
22:37 Castle Age
22:02 Fletching
22:15 Padded Archer Armor
22:38 Crossbowman
23:16 Bodkin Arrow
23:56 Leather Archer Armor
23:45 Gold Mining
25:21 Double-Bit Axe
28:22 Ballistics
30:16 Squires
36:06 Wheelbarrow
37:37 Hand Cart
40:15 Imperial Age
40:20 Arbalester
41:06 Thumb Ring
41:07 Bracer
41:38 Ring Archer Armor
42:37 Chemistry
43:46 Horse Collar
44:19 Bow Saw
43:58 Town Watch
48:12 Siege Engineers
48:31 Conscription
52:05 Town Patrol
58:32 Elite Skirmisher
60:49 Murder Holes
61:08 Masonry
61:52 Halberdier
62:37 Scale Mail Armor
62:48 Forging
63:40 Chain Mail Armor
65:48 Plate Mail Armor
65:54 Iron Casting
Kilo Kaun
6:41 Loom
13:19 Feudal Age
13:57 Double-Bit Axe
13:53 Horse Collar
16:17 Scale Barding Armor
18:15 Bloodlines
19:55 Forging
23:19 Wheelbarrow
25:55 Castle Age
25:35 Stone Mining
27:55 Chain Barding Armor
28:51 Iron Casting
28:22 Town Watch
30:54 Hand Cart
32:07 Fletching
37:34 Bow Saw
37:25 Heavy Plow
40:28 Gold Mining
41:19 Stone Shaft Mining
40:48 Town Patrol
47:08 Imperial Age
45:02 Squires
44:48 Gambesons
44:49 Arson
46:35 Scale Mail Armor
47:59 Chain Mail Armor
48:12 Conscription
47:13 Gothikon
50:12 Blast Furnace
49:43 Plate Mail Armor
52:59 Two-Man Saw
51:34 Elite Varangian Guard
52:35 Caravan
Connection lost

Rejoining the realm…

Still unreachable

The connection could not be restored.

Session expired

The server has moved on; the page needs a fresh start.